 Dungeon Crawl Stone Soup version 0.17-a0-1522-g6c5b4ba (webtiles) character file.

632 matakusis the Skirmisher (level 7, -3/55 HPs)
             Began as a Demonspawn Gladiator on July 14, 2015.
             Was an Initiate of Qazlal.
             Slain by a gnoll
             ... wielding a +0 whip
              (9 damage)
             ... on level 5 of the Dungeon.
             The game lasted 00:21:10 (3559 turns).

matakusis the Skirmisher (Demonspawn Gladiator)     Turns: 3559, Time: 00:21:15

Health: -3/55      AC:  9    Str: 18    XL:     7   Next: 24%
Magic:  0/7        EV: 14    Int: 12    God:    Qazlal [......]
Gold:   226        SH:  0    Dex: 13    Spells: 0 memorised, 6 levels left

rFire  . . .     SeeInvis .     a - +1 war axe
rCold  + . .     Clarity  .     y - +1 robe of Citziuli {+Blink rElec Int+3 Stlth-}
rNeg   . . .     SustAt   .     (no shield)
rPois  .         Gourm    .     c - +0 helmet
rElec  +         Spirit   +     (no cloak)
rCorr  .         Warding  .     (no gloves)
rMut   .         Rnd*Tele +     v - +0 pair of boots
MR     .....                    (no amulet)
Stlth  ..........               x - ring of teleportation (curse)
                                h - ring of wizardry

@: drained, not resistant to hostile enchantments, extremely unstealthy
A: claws 2, iridescent scales 1, cold resistance 1, magic shield, freezing cloud
immunity
a: Renounce Religion, Evoke Blink, Evoke Teleportation


You were on level 5 of the Dungeon.
You worshipped Qazlal.
Qazlal was noncommittal.
You were not hungry.

You visited 1 branch of the dungeon, and saw 5 of its levels.

You collected 226 gold pieces.

Inventory:

Hand weapons
 a - a +1 war axe (weapon)
 f - a +0 hammer
 p - a +0 hammer
 q - a +0 hammer
 s - a +0 hammer
Missiles
 d - 2 throwing nets (quivered)
Armour
 b - a +0 leather armour
 c - a +0 helmet (worn)
 o - a +1 scale mail of positive energy
 v - a +0 pair of boots (worn)
 y - the +1 robe of Citziuli (worn) {+Blink rElec Int+3 Stlth-}
   (You found it on level 4 of the Dungeon)

   It affects your intelligence (+3).
   It insulates you from electricity.
   It lets you blink.
   It makes you less stealthy.
Jewellery
 h - a ring of wizardry (left claw)
 x - a cursed ring of teleportation (right claw)
Scrolls
 k - 7 scrolls of identify
 m - a scroll of fog
 n - a scroll of noise
 r - a scroll of enchant armour
 u - a scroll of magic mapping
 z - a scroll of enchant weapon
 B - a scroll of remove curse {unknown}
Potions
 i - 2 potions of curing
 j - a potion of brilliance
 w - 2 potions of ambrosia
 A - a potion of magic {unknown}
Comestibles
 e - 4 bread rations
 g - 5 chunks of flesh
 l - a beef jerky
 t - 2 meat rations


   Skills:
 * Level 4.9(4.4) Fighting
 + Level 4.3(3.8) Axes
 - Level 1.7(1.2) Throwing
 + Level 2.2(1.7) Armour
 + Level 4.7(4.1) Dodging


You had 6 spell levels left.
You didn't know any spells.

Dungeon Overview and Level Annotations

Branches:
Dungeon (5/15)
 Temple: D:4-7

Altars:
Qazlal
Sif Muna
Vehumet
Xom
Zin

Shops:
D:2 *


Innate Abilities, Weirdness & Mutations

You have very sharp fingernails.
You are partially covered in iridescent scales (AC +4).
Your flesh is cold resistant.
When hurt, damage is shared between your health and your magic reserves.
You are immune to freezing clouds.


Message History

You kill the gnoll!
Qazlal accepts your kill.
You barely miss the gnoll.
The gnoll hits you from afar with a spear.
The gnoll hits you with a whip. The gnoll closely misses you.
Unknown command.
You barely miss the gnoll. The gnoll misses you.
The gnoll hits you from afar with a spear!
You hit the gnoll.
The gnoll is lightly wounded.
The gnoll hits you with a whip!
* * * LOW HITPOINT WARNING * * *
The gnoll completely misses you.
You completely miss the gnoll.
The gnoll is lightly wounded.
The gnoll closely misses you.
The gnoll hits you from afar with a spear.
* * * LOW HITPOINT WARNING * * *
The gnoll hits you with a whip!
You die...

### ..# #
#.# #. #g#
#.###g#
#..)@)#
###.###
#..####.#.#
#.........#
#..####.###
#..# #..#
#..#
####..######


You could see 2 gnolls.

Vanquished Creatures
  Menkaure (D:4)
  A phantom (D:5)
  A scorpion (D:4)
  A crimson imp (D:5)
  Crazy Yiuf (D:2)
  Ijyb (D:3)
  A gnoll shaman (D:5)
  Terence (D:2)
  2 worker ants
  4 gnolls (D:5)
  5 adders
  A shadow imp (D:5)
  An adder skeleton (D:4)
  A worm (D:3)
  5 giant geckos
  6 orcs
  9 bats
  6 giant cockroaches
  9 goblins
  7 hobgoblins
  2 jackals (D:2)
  A quokka (D:3)
  A ball python (D:3)
  A giant gecko skeleton (D:5)
  A giant newt (D:4)
  A jackal skeleton (D:3)
  13 kobolds
84 creatures vanquished.

Notes
Turn   | Place    | Note
--------------------------------------------------------------
     0 | D:1      | matakusis the Demonspawn Gladiator began the quest for the Orb.
     0 | D:1      | Reached XP level 1. HP: 16/16 MP: 1/1
   113 | D:1      | Reached skill level 3 in Dodging
   113 | D:1      | Gained mutation: Your flesh is cold resistant. [demonic ancestry]
   113 | D:1      | Reached XP level 2. HP: 20/22 MP: 2/2
   559 | D:2      | Found Zin's Purification Station.
   560 | D:2      | Noticed Terence
   567 | D:2      | Gained mutation: You are immune to freezing clouds. [demonic ancestry]
   567 | D:2      | Reached XP level 3. HP: 23/28 MP: 3/3
   574 | D:2      | Killed Terence
   575 | D:2      | Found a glowing silver altar of Zin.
   813 | D:2      | Noticed Crazy Yiuf
   824 | D:2      | HP: 1/28 [Crazy Yiuf/quarterstaff of chaos (10)]
   825 | D:2      | Killed Crazy Yiuf
   825 | D:2      | Gained mutation: You have sharp fingernails. [demonic ancestry]
   825 | D:2      | Reached XP level 4. HP: 1/34 MP: 4/4
  1307 | D:2      | Reached skill level 1 in Armour
  1665 | D:3      | Noticed Ijyb
  1678 | D:3      | Killed Ijyb
  1678 | D:3      | Reached skill level 4 in Dodging
  1678 | D:3      | Gained mutation: You are partially covered in iridescent scales (AC +4). [demonic ancestry]
  1678 | D:3      | Reached XP level 5. HP: 35/41 MP: 5/5
  2151 | D:4      | Noticed Menkaure
  2380 | D:4      | Killed Menkaure
  2380 | D:4      | Gained mutation: When hurt, damage is shared between your health and your magic reserves. [demonic ancestry]
  2380 | D:4      | Reached XP level 6. HP: 24/48 MP: 6/6
  2784 | D:4      | Got an ichor-stained robe
  2795 | D:4      | Identified the +1 robe of Citziuli {+Blink rElec Int+3 Stlth-} (You found it on level 4 of the Dungeon)
  2816 | D:4      | Found a deep blue altar of Sif Muna.
  2923 | D:4      | Found a stormy altar of Qazlal.
  2936 | D:4      | Became a worshipper of Qazlal Stormbringer
  2969 | D:4      | Found a shimmering altar of Xom.
  2969 | D:4      | Found a radiant altar of Vehumet.
  3062 | D:5      | Entered Level 5 of the Dungeon
  3400 | D:5      | Gained mutation: You have very sharp fingernails. [demonic ancestry]
  3400 | D:5      | Reached XP level 7. HP: 47/55 MP: 7/7
  3559 | D:5      | Slain by a gnoll

Vault maps used:
D:1:      ncdulo_wetmaze
D:2:      zin_purify, first_bread, uniq_terence, uniq_crazy_yiuf_cottage
D:3:      uniq_iyjb
D:4:      grunt_qazlal_clouds, gammafunk_temple_overflow_wave, led_sif_pool,
          uniq_menkaure
D:5:      minmay_temple_entry_purple_smoke, kennysheep_generic_room_11,
          uniq_duvessa

Action                   |  1- 3 |  4- 6 |  7- 9 || total
-------------------------+-------+-------+-------++-------
Melee: War axe           |    86 |   177 |    40 ||   303
Throw: Throwing net      |       |     2 |       ||     2
  Use: Potion            |     1 |     3 |       ||     4
       Scroll            |       |     8 |       ||     8
  Eat: Chunk             |       |     5 |       ||     5
       Bread ration      |       |     1 |       ||     1
